Map: New Repugnancy LE

Players

SpeCial - Winner!

  • Race: Terran Terran
  • Spawn Location: 1:00

Harstem

  • Race: Protoss Protoss
  • League: Platinum
  • Spawn Location: 7:00

Event: 2019 WCS Summer

VOD

Have the link to the VOD?

Description

Time

  • Played on: July 13, 2019, 9:10 a.m.
  • Length: 12:24

All games in this series

Show
View Real Time Build Order
Export as new Build Order

SpeCial Terran - Winner!

Build Orders:  

Get SALT Encoding   

  12  0:00  SCV  
  13  0:12  SCV  
  14  0:17  Supply Depot  
  14  0:24  SCV  
  15  0:38  SCV  
  15  0:40  Barracks  
  16  0:43  Refinery  
  16  0:51  SCV  
  17  0:59  Barracks  
  17  1:03  SCV  
  18  1:15  SCV  
  19  1:28  Orbital Command, Reaper  
  20  1:41  Supply Depot  
  20  1:46  Reaper  
  21  1:54  SCV  
  22  2:02  Reaper  
  22  2:06  SCV  
  24  2:14  Command Center  
  24  2:18  SCV  
  24  2:20  Reaper  
  26  2:23  Refinery  
  26  2:30  SCV  
  27  2:41  Reaper  
  27  2:42  SCV  
  29  2:50  Supply Depot  
  29  2:54  SCV  
  30  3:04  Factory  
  30  3:07  SCV  
  31  3:13  Barracks Reactor  
  31  3:15  Barracks Tech Lab  
  31  3:19  SCV  
  32  3:27  Orbital Command  
  32  3:31  SCV  
  33  3:37  Marine  
  34  3:43  SCV  
  34  3:47  Supply Depot  
  35  3:48  Factory Tech Lab  
  35  3:50  Marine x2  
  35  3:53  Starport  
  35  3:55  Marine, SCV x2  
  40  4:07  SCV x2  
  40  4:08  Marine x2  
  43  4:12  Siege Tank  
  43  4:13  Marine  
  43  4:16  Supply Depot  
  47  4:19  SCV x2  
  49  4:25  Stimpack, Marine  
  49  4:28  Marine  
  49  4:29  Engineering Bay  
  49  4:30  Marine  
  51  4:31  SCV x2  
  53  4:39  Refinery  
  53  4:43  Marine, SCV  
  53  4:44  Siege Tank, SCV  
  59  4:45  Marine  
  59  4:48  Marine  
  61  4:55  SCV, Supply Depot  
  61  4:57  Barracks  
  61  4:58  SCV  
  63  5:01  Marine, Medivac  
  63  5:03  Marine  
  63  5:06  Marine  
  68  5:08  SCV  
  68  5:11  SCV  
  69  5:14  Refinery  
  69  5:17  Terran Infantry Weapons Level 1  
  69  5:19  Marine  
  69  5:20  SCV  
  71  5:21  Marine  
  71  5:24  SCV  
  71  5:27  Marine  
  74  5:32  SCV  
  74  5:34  Factory Reactor  
  74  5:36  SCV  
  74  5:37  Marine  
  74  5:38  Starport Reactor  
  74  5:42  Marine  
  77  5:44  SCV  
  78  5:50  Supply Depot x2  
  78  6:02  Combat Shield  
  78  6:05  Command Center  
  78  6:09  SCV  
  78  6:11  Marine x3  
  78  6:12  Marauder  
  78  6:16  Supply Depot  
  82  6:19  Medivac x2  
  82  6:20  Widow Mine x2  
  82  6:21  SCV x2  
  92  6:28  Supply Depot  
  92  6:30  Marauder  
  94  6:33  Missile Turret  
  94  6:37  Marine x2  
  94  6:38  Concussive Shells, Supply Depot  
  96  6:41  Widow Mine x2  
  96  6:42  SCV x2  
  96  6:43  Barracks  
  96  6:45  Barracks  
  102  6:54  Marauder, SCV x2  
  102  6:55  Marine x2, Marauder  
  110  7:05  Widow Mine x2  
  110  7:07  Medivac x2  
  118  7:14  Terran Infantry Armor Level 1  
  118  7:16  Marine  
  118  7:17  SCV x2, Missile Turret  
  118  7:18  Orbital Command  
  118  7:20  Supply Depot  
  121  7:25  Liberator  
  121  7:29  Marine, SCV x2  
  123  7:31  Barracks Reactor, Liberator  
  123  7:34  Marine  
  123  7:35  Marauder x2, Barracks Tech Lab  
  128  7:39  Widow Mine x2  
  128  7:41  SCV  
  138  7:53  SCV x2  
  138  8:00  Marauder, Marine  
  138  8:01  Marine  
  138  8:02  Marauder  
  138  8:04  Marauder  
  137  8:09  Liberator  
  137  8:12  SCV  
  135  8:18  Marine  
  135  8:19  SCV  
  135  8:21  Ghost Academy  
  135  8:24  SCV  
  139  8:29  SCV  
  139  8:31  SCV  
  141  8:36  SCV  
  143  8:41  SCV  
  143  8:44  SCV  
  148  8:48  SCV  
  148  8:49  Refinery  
  148  8:50  Refinery, Supply Depot  
  149  8:56  SCV x2  
  149  8:59  Ghost x3  
  149  9:00  Marine x4  
  157  9:04  Supply Depot  
  157  9:06  Supply Depot  
  157  9:11  SCV  
  157  9:12  Widow Mine  
  157  9:15  SCV x2  
  147  9:18  Marine  
  147  9:20  Liberator, Widow Mine  
  147  9:23  Marine x3, SCV  
  152  9:27  Ghost, SCV x2  
  152  9:28  Marauder, Marine  
  159  9:33  Widow Mine  
  159  9:36  SCV  
  162  9:39  SCV x2  
  162  9:41  Widow Mine  
  166  9:48  SCV  
  166  9:49  Ghost  
  166  9:50  Marine x3  
  166  9:51  SCV  
  166  9:52  Marine  
  169  9:53  Marine  
  169  9:54  Widow Mine, SCV  
  171  10:00  Armory  
  171  10:01  Engineering Bay  
  171  10:04  Marauder, Command Center  
  173  10:08  Marine x3  
  178  10:15  Supply Depot  
  178  10:19  Liberator x2  
  178  10:20  Marauder, Marine  
  178  10:21  Marauder  
  177  10:25  Marine  
  177  10:26  Widow Mine  
  177  10:27  Widow Mine  
  181  10:37  Barracks  
  181  10:39  Barracks  
  181  10:41  Barracks  
  187  10:49  Personal Cloaking  
  187  10:53  Reaper  
  187  10:54  Marine  
  187  10:57  Marauder, Marine  
  183  11:02  Marine  
  183  11:03  Marauder, Liberator x2  
  169  11:17  Marauder, Marine x2  
  169  11:18  Marauder, Widow Mine x2  
  163  11:21  Marine  
  163  11:23  SCV x2  
  163  11:24  Marine, SCV  
  170  11:25  Marine  
  170  11:27  Marine x3  
  174  11:35  Marine x2  
  174  11:39  Marauder  
  177  11:40  Marauder  
  177  11:42  Marauder  
  177  11:44  Marine x2  
  177  11:47  Marine x2  
  161  11:53  Marine  
  148  12:00  Marauder, Marine  
  146  12:01  Marauder  
  146  12:06  Marine  
  140  12:18  Barracks Tech Lab x2  
Show
View Real Time Build Order
Export as new Build Order

Harstem Protoss 

Build Orders: 1 Gate Expand 

Get SALT Encoding   

  12  0:00  Probe  
  13  0:12  Probe  
  14  0:17  Pylon  
  14  0:24  Probe  
  15  0:32  Probe  
  15  0:37  Gateway  
  15  0:40  Probe  
  16  0:46  Assimilator  
  17  0:51  Probe  
  18  1:03  Probe  
  19  1:15  Probe  
  20  1:24  Nexus  
  20  1:35  Cybernetics Core  
  20  1:37  Probe  
  21  1:44  Assimilator  
  21  1:49  Probe  
  21  1:53  Pylon  
  22  2:01  Stalker, Probe  
  23  2:13  Probe  
  26  2:24  Stalker, Warp Gate  
  26  2:25  Robotics Facility  
  26  2:27  Probe  
  28  2:38  Probe  
  28  2:39  Probe  
  30  2:46  Stalker  
  30  2:48  Shield Battery  
  30  2:50  Probe  
  33  2:59  Probe  
  33  3:02  Probe  
  35  3:08  Adept  
  35  3:13  Pylon  
  35  3:15  Observer  
  38  3:20  Probe  
  38  3:24  Probe  
  40  3:34  Gateway  
  40  3:38  Probe  
  40  3:39  Observer, Probe  
  41  3:50  Probe  
  41  3:51  Probe  
  43  3:59  Robotics Bay  
  43  4:02  Probe  
  44  4:04  Probe  
  44  4:08  Pylon  
  45  4:10  Probe  
  45  4:16  Probe  
  45  4:18  Probe  
  46  4:24  Gateway  
  46  4:28  Stalker, Probe x2  
  50  4:40  Probe x2  
  50  4:41  Assimilator  
  50  4:42  Pylon  
  52  4:51  Immortal  
  52  4:52  Probe  
  53  4:53  Probe  
  53  4:55  Sentry, Zealot  
  53  4:57  Twilight Council  
  53  4:59  Assimilator  
  58  5:05  Probe, Forge  
  63  5:08  Probe  
  64  5:16  Charge  
  64  5:17  Probe, Sentry  
  64  5:19  Pylon  
  64  5:20  Probe  
  68  5:32  Zealot  
  70  5:36  Pylon  
  70  5:38  Immortal  
  70  5:41  Observer, Probe  
  75  5:43  Probe  
  75  5:47  Gateway  
  76  5:54  Zealot x2  
  76  5:55  Protoss Ground Armor Level 1  
  76  5:56  Zealot  
  82  6:00  Pylon  
  81  6:06  Probe  
  82  6:11  Templar Archives, Warp Prism  
  82  6:18  Probe  
  83  6:26  Gateway  
  83  6:29  Gateway  
  83  6:36  Psionic Storm, Gateway  
  83  6:38  Gateway  
  83  6:39  Pylon  
  83  6:49  High Templar x3  
  89  6:59  Observer  
  89  7:00  Nexus  
  89  7:08  Pylon  
  89  7:11  Zealot  
  89  7:14  Probe x2  
  93  7:20  High Templar  
  93  7:21  Zealot x2  
  93  7:22  Pylon  
  99  7:23  Zealot  
  99  7:26  Probe  
  99  7:27  Probe  
  103  7:32  Observer  
  103  7:33  Zealot x2  
  108  7:41  Probe x2  
  106  7:52  Pylon  
  106  7:54  Zealot x5  
  117  7:58  Observer  
  116  8:07  Probe  
  116  8:11  Warp Prism  
  116  8:12  Probe  
  112  8:18  Zealot x5  
  112  8:19  Probe  
  112  8:38  Forge, High Templar x2  
  112  8:39  High Templar x2  
  112  8:40  Protoss Ground Armor Level 2, Zealot  
  120  8:44  Archon x2  
  120  8:45  Zealot  
  122  8:50  Assimilator  
  122  8:57  Assimilator  
  122  9:04  Zealot x3  
  126  9:13  Pylon  
  126  9:14  Probe  
  126  9:15  Stalker x4  
  124  9:24  Probe  
  124  9:25  Probe x2  
  124  9:30  Stalker  
  124  9:31  Stalker x2, Observer  
  127  9:32  Probe  
  126  9:45  Stalker x2  
  124  9:54  Probe  
  124  9:58  Observer  
  125  10:07  Probe  
  125  10:13  Zealot x2, Robotics Bay  
  127  10:14  High Templar  
  127  10:15  High Templar  
  127  10:18  Robotics Facility  
  127  10:19  Nexus  
  127  10:20  Warp Prism  
  129  10:24  Probe x2  
  129  10:26  Photon Cannon  
  132  10:35  High Templar x2  
  135  10:37  Pylon  
  135  10:38  Probe  
  135  10:51  Stalker x3  
  135  10:53  Probe x2  
  125  11:07  Zealot x4  
  125  11:17  Zealot x4, Probe x2  
  118  11:23  Probe  
  121  11:30  Archon  
  121  11:31  High Templar  
  121  11:32  High Templar x3  
  128  11:35  Archon  
  128  11:37  Archon  
  120  11:43  Archon x2  
  120  11:44  Zealot x3  
  116  11:48  Probe  
  116  11:54  Stalker  
  81  12:05  Zealot x5  
  81  12:07  Probe  
  84  12:12  Zealot x2  
  76  12:22  Zealot  
Tags
 
Add a new tag
Caveats
  • Supply blocks, unpowered buildings, or Contaminate may cause inaccurate times.
  • Supply counts are checked every 10 seconds.